 Dungeon Crawl Stone Soup version 0.30-a0-305-g026cb31310 (webtiles) character file.

Game seed: 7230635722011484772

331 mopl the Sneak (level 6, -1/42 HPs)
             Began as an Octopode Brigand on Oct 22, 2022.
             Killed by an exploding butterfly (7 damage)
             ... ignited by their inner flame
             ... on level 4 of the Dungeon.
             The game lasted 00:04:21 (2303 turns).

mopl the Sneak (Octopode Brigand)                   Turns: 2303, Time: 00:04:22

Health: -1/42      AC:  1    Str: 17    XL:     6   Next: 51%
Magic:  6/6        EV: 10    Int: 15    God:
Gold:   186        SH: 13    Dex: 21    Spells: 5/5 levels left

rFire   + . .      SeeInvis .    a - +2 dagger (venom)
rCold   + + .      Faith    .    u - +0 tower shield
rNeg    . . .      Spirit   .    (helmet restricted)
rPois   .          Reflect  .    (no amulet)
rElec   .          Harm     .    o - +6 ring of strength
rCorr   .          Rampage  .    d - ring of Ateficla {rF+ Dex+2}
Will    .....                    g - ring of Sogao {rC++ Dex+6}
Stlth   +++++.....               (no ring)
HPRegen 0.27/turn                (no ring)
MPRegen 0.10/turn                (no ring)
                                 (no ring)
                                 (no ring)

@: lethally poisoned (-1 -> -4), weak-willed
A: almost no armour, amphibious, 8 rings, camouflage 1, gelatinous body 1,
(nimble swimmer 1), tentacles
a: no special abilities


You were on level 4 of the Dungeon.
You visited 1 branch of the dungeon, and saw 4 of its levels.

You collected 186 gold pieces.

Inventory:

Hand Weapons
 a - a +2 dagger of venom (weapon)
Missiles
 b - 8 poisoned darts (quivered)
 c - 3 curare-tipped darts
 q - 5 javelins
 y - 2 atropa-tipped darts
Armour
 u - a +0 tower shield (worn)
Magical Staves
 l - a staff of conjuration {!a}
Jewellery
 d - the ring of Ateficla (right tentacle) {rF+ Dex+2}
   (You acquired it on level 4 of the Dungeon)

   [ring of protection from fire]

   Dex:       It affects your dexterity (+2).
   rF:        It protects you from fire.
 g - the ring of Sogao (on tentacle) {rC++ Dex+6}
   (You acquired it on level 4 of the Dungeon)

   [ring of dexterity]

   Dex:       It affects your dexterity (+6).
   rC:        It greatly protects you from cold.
 o - a +6 ring of strength (left tentacle)
Scrolls
 h - a scroll of poison
 p - a scroll of blinking
 s - a scroll of magic mapping {unknown}
 v - a scroll of enchant armour {unknown}
 w - a scroll of noise {unknown}
Potions
 e - a potion of curing
 f - 2 potions of attraction
 i - 3 potions of mutation {unknown}
 j - a potion of invisibility {unknown}
 k - a potion of berserk rage {unknown}
 t - 4 potions of lignification {unknown}
 x - a potion of brilliance {unknown}


   Skills:
 + Level 3.6 Fighting
 - Level 2.0 Short Blades
 + Level 3.5 Throwing
 + Level 3.0 Dodging
 + Level 6.9 Stealth
 + Level 1.5 Shields


You had 5 spell levels left.
You didn't know any spells.
Your spell library was empty.

Dungeon Overview and Level Annotations

Branches:
Dungeon (4/15)
 Temple: D:4-7

Altars:

Shops:
D:4 *


Innate Abilities, Weirdness & Mutations

You cannot wear most types of armour.
You are amphibious.
You can wear up to eight rings at the same time.
Your skin changes colour to match your surroundings (Stealth+).
Your rubbery body absorbs attacks. (AC +1, EV +1)
((You are camouflaged when in or above water. (Stealth+)))
You have tentacles for arms and can constrict up to eight enemies at once.


Message History

The fiery explosion engulfs your butterfly!
Your butterfly disappears in a burst of colours!
Your butterfly explodes!
The fiery explosion engulfs your butterfly!!
Your butterfly disappears in a burst of colours!
The fiery explosion engulfs your butterfly!!
Your butterfly disappears in a burst of colours!
Your butterfly explodes!
The fiery explosion engulfs your butterfly!
Your butterfly disappears in a burst of colours!
The fiery explosion engulfs your butterfly!!
Your butterfly disappears in a burst of colours!
The fiery explosion engulfs your butterfly!
Your butterfly disappears in a burst of colours!
Your butterfly explodes! x6
The fiery explosion engulfs your butterfly!!
Your butterfly disappears in a burst of colours!
Your butterfly explodes!
The fiery explosion engulfs your butterfly!!
Your butterfly disappears in a burst of colours!
The fiery explosion engulfs your butterfly!!!
Your butterfly disappears in a burst of colours!
The fiery explosion engulfs your butterfly!!
Your butterfly disappears in a burst of colours!
Your butterfly explodes! x2
The fiery explosion engulfs your butterfly!!
Your butterfly disappears in a burst of colours!
The fiery explosion engulfs your butterfly!!
Your butterfly disappears in a burst of colours!
Your butterfly explodes! x2
The fiery explosion engulfs your butterfly!!
Your butterfly disappears in a burst of colours!
Your butterfly explodes! x2
The fiery explosion engulfs you!! You resist.
* * * LOW HITPOINT WARNING * * *
Your butterfly explodes! x2
The fiery explosion engulfs your butterfly!!
Your butterfly disappears in a burst of colours!
The fiery explosion engulfs you! You resist.
You die...

#######
..§... .
.b#.. ..
#.#.# .##
#b#.###.#..
#.#§§§§§§.#
#@§§§§§§###
#§§§§§§§§#
#§§#####§#
#.☼§#.. #
#..§§#b##
#.§#§#..
...§#.# ..
###.#.. .#.
# ### .∩


There were no monsters in sight!

Vanquished Creatures
  Sigmund (D:3)
  Jessica (D:3)
  4 gnolls (D:2)
  2 adders
  5 dart slugs
  5 orcs (D:3)
  2 endoplasms (D:2)
  6 giant cockroaches
  4 goblins
  4 hobgoblins
  4 jackals (D:2)
  4 quokkas
  4 ball pythons (D:1)
  7 bats
  11 kobolds
  3 rats
67 creatures vanquished.

Notes
Turn   | Place    | Note
-------+----------+-------------------------------------------
     0 | D:1      | mopl the Octopode Brigand began the quest for the Orb.
     0 | D:1      | Reached XP level 1. HP: 14/14 MP: 1/1
    91 | D:1      | Reached XP level 2. HP: 15/19 MP: 2/2
   201 | D:1      | You fall into a shaft and drop 1 floor!
   348 | D:2      | Reached XP level 3. HP: 24/25 MP: 3/3
  1058 | D:2      | Reached XP level 4. HP: 30/30 MP: 4/4
  1217 | D:2      | Reached skill level 6 in Stealth
  1397 | D:2      | Reached skill level 2 in Dodging
  1539 | D:2      | Reached skill level 3 in Fighting
  1674 | D:3      | Reached skill level 3 in Throwing
  1677 | D:3      | Reached XP level 5. HP: 35/36 MP: 5/5
  1852 | D:3      | Noticed Sigmund
  1894 | D:3      | Killed Sigmund
  1895 | D:3      | Reached skill level 1 in Shields
  1895 | D:3      | Reached XP level 6. HP: 42/42 MP: 6/6
  1981 | D:3      | Noticed Jessica
  1990 | D:3      | Killed Jessica
  2081 | D:3      | Reached skill level 3 in Dodging
  2293 | D:4      | Identified 2 scrolls of acquirement
  2293 | D:4      | Acquired the ring of Ateficla {rF+ Dex+2}
  2294 | D:4      | Acquired the ring of Sogao {rC++ Dex+6}
  2299 | D:4      | Found Pumacoc's General Store.
  2303 | D:4      | Killed by an exploding butterfly... ignited by their inner
                  | flame

Illustrated notes

Levels and vault maps discovered:
D:1:      eino_arrival_water_star, layout_rooms
D:2:      layout_basic
D:3:      layout_loops_cross, feat_on_display, uniq_sigmund, uniq_jessica
D:4:      layout_basic, serial_shops, nicolae_diamond_shop,
          biasface_ghost_orc_armoury, nicolae_ossuary_entry_false_entrances,
          portal_sewer_entry_e

Skill      XL: |  1  2  3  4  5  6 |
---------------+-------------------+-----
Stealth        | 6 |  6.9
Dodging        | 2 3 |  3.0
Fighting       | 3 |  3.6
Throwing       | 3 |  3.5
Shields        | 1 |  1.5
Short Blades   | |  2.0

Action                   |  1- 3 |  4- 6 || total
-------------------------+-------+-------++-------
Melee: Dagger            |    72 |    50 ||   122
       Tentacles         |    22 |    10 ||    32
       Constrict         |    22 |     9 ||    31
Throw: Dart              |       |    13 ||    13
  Use: Scroll            |       |     9 ||     9
 Stab: Sleeping          |     8 |    10 ||    18
Armor: Skin              |    10 |     1 ||    11
Dodge: Dodged            |    46 |    26 ||    72
Block: Tower shield      |       |     4 ||     4

Table legend: (Time is in decaauts)
 A = Elapsed time spent in this place.
 B = Non-inter-level travel time spent in this place.
 C = Inter-level travel time spent in this place.
 D = Time resting spent in this place.
 E = Time spent auto-exploring this place.
 F = Levels seen in this place.
 G = Mean time per level.
                   A        B        C        D        E       F      G
               +--------+--------+--------+--------+--------+-----+--------+
         Total |   2294 |   2193 |    101 |     72 |   1617 |   4 |  573.5 |
       Dungeon |   2294 |   2193 |    101 |     72 |   1617 |   4 |  573.5 |
               +--------+--------+--------+--------+--------+-----+--------+

Top non-repeatable levels by time:
     D:2: 1167 daAuts
     D:3: 635 daAuts
     D:1: 476 daAuts
     D:4: 15 daAuts
